 Dungeon Crawl Stone Soup version 0.32-a0-705-g60f233581c (webtiles) character file.

Game seed: 6995562474478050782

6562 ezpacito the Trooper (level 11, -2/84 HPs)
             Began as a Coglin Chaos Knight on Mar 14, 2024.
             Was a Plaything of Xom.
             Slain by an elephant (14 damage)
             ... on level 9 of the Dungeon.
             The game lasted 00:11:50 (8549 turns).

ezpacito the Trooper (Coglin Chaos Knight)          Turns: 8549, Time: 00:11:50

Health: -2/84      AC:  9    Str: 24    XL:     11   Next: 1%
Magic:  16/16      EV: 13    Int: 11    God:    Xom [...*..]
Gold:   185        SH:  0    Dex: 12    Spells: 3/17 levels left

rFire   x . .        C - +4 hand axe (chaos) {Yashnoor}
rCold   + + .        y - +6 flail of Invincibility {elec, rElec rC+}
rNeg    . . .        F - +0 robe "Uleteb" {rC+ Will+ Regen+}
rPois   .            k - +0 helmet {SInv}
rElec   +            x - +0 cloak
rCorr   .            m - +2 pair of gloves {Str+3}
SInv    +            J - +0 pair of boots
Will    +....        (amulet unavailable)
Stlth   ++           (ring unavailable)
HPRegen 1.14/turn    (ring unavailable)
MPRegen 0.15/turn    (no gizmo)

%: clarity
@: cleaving, revving
A: off-hand wielding, slow wielding, warmup strikes, no jewellery, clarity,
strong 1, heat vulnerability 1
a: Invent Gizmo, Renounce Religion


You were on level 9 of the Dungeon.
You worshipped Xom.
You were a favourite toy of Xom.
You visited 2 branches of the dungeon, and saw 10 of its levels.

You collected 939 gold pieces.
You spent 754 gold pieces at shops.

Inventory:

Hand Weapons
 a - a +0 hand axe of chaos {Deepnoor}
 b - a +1 spear of chaos {Leofsige}
 y - the +6 flail of Invincibility (offhand) {elec, rElec rC+}
   (You found it on level 8 of the Dungeon)

   rC+:       It protects you from cold.
   rElec:     It insulates you from electricity.
 B - a +1 trident of venom {Byeongho}
 C - a +4 hand axe of chaos (weapon) {Yashnoor}
 K - a +5 broad axe of freezing
Missiles
 o - 33 poisoned darts (quivered)
 r - 15 boomerangs
 s - a curare-tipped dart
Armour
 c - a +0 plate armour
 k - a +0 helmet of see invisible (worn)
 m - a +2 pair of gloves of strength (worn)
 x - a +0 cloak (worn)
 F - the +0 robe "Uleteb" (worn) {rC+ Will+ Regen+}
   (You took it off an orc wizard on level 8 of the Dungeon)

   rC+:       It protects you from cold.
   Will+:     It increases your willpower.
   Regen+:    It increases your rate of health regeneration.
 J - a +0 pair of boots (worn)
Magical Staves
 v - a staff of death
Wands
 E - a wand of flame (20)
 G - a wand of iceblast (5)
Scrolls
 g - 3 scrolls of immolation
 j - a scroll of noise
 t - 3 scrolls of teleportation
 A - a scroll of torment
 H - a scroll of enchant weapon {unknown}
 I - a scroll of fear {unknown}
Potions
 d - a potion of might
 e - a potion of ambrosia
 f - a potion of magic
 h - a potion of haste
 n - a potion of brilliance
 p - a potion of enlightenment
 q - 2 potions of curing
 z - a potion of mutation
 D - 2 potions of cancellation


   Skills:
 * Level 7.2 Fighting
 * Level 7.0(7.8) Axes
 + Level 1.4(4.2) Maces & Flails
 + Level 4.1(5.9) Polearms
 * Level 6.2 Armour
 * Level 5.8 Dodging
 + Level 4.1 Stealth
 + Level 3.7 Spellcasting
 + Level 1.4 Necromancy
 + Level 1.4 Translocations
 + Level 1.7 Alchemy
 + Level 5.5 Evocations


You had 3 spell levels left.
You knew the following spells:

 Your Spells              Type           Power      Damage    Failure   Level
a - Yara's Violent Unrav  Hex/Alch       1%         3d3       99%         5
b - Blink                 Tloc           10%        N/A       21%         2
c - Enfeeble              Hex            1%         N/A       100%        7

Your spell library contained the following spells:

 Spells                   Type           Power      Damage    Failure   Level
 Lesser Beckoning         Tloc           10%        N/A       21%         2
 Momentum Strike          Conj/Tloc      6%         3d8       26%         2
 Jinxbite                 Hex            4%         N/A       36%         2


Dungeon Overview and Level Annotations

Branches:
Dungeon (9/15)             Temple (1/1) D:5
   Lair: D:8-11         Orc: D:9-12

Altars:
Ashenzari
Cheibriados
Dithmenos
Elyvilon
Fedhas
Gozag
Hepliaklqana
Nemelex Xobeh
Okawaru
Qazlal
Ru
Sif Muna
Trog
Uskayaw
Vehumet
Wu Jian
Xom
Zin

Shops:
D:1 (   D:2 [   D:3 [   D:6 (


Innate Abilities, Weirdness & Mutations

You can wield a second weapon in your off-hand.
It takes a long time for you to wield or remove held weapons.
Your first few attacks do less damage.
You cannot equip rings or amulets.
You possess an exceptional clarity of mind.
Your muscles are strong. (Str +4, Int/Dex -1)
You are vulnerable to heat. (rF-)


Message History

The fungus begins to die.
You sock the plant with the +6 flail of Invincibility!
The plant begins to die.
Lightning courses through the plant! You hit the elephant but do no damage.
The elephant suddenly seems more resistant.
You hit the plant with your +4 hand axe of chaos.
The plant suddenly seems more resistant.
You hit the fungus with your +4 hand axe of chaos.
You hit the plant with your +4 hand axe of chaos.
Lightning courses through the plant!
You hit the plant with your +4 hand axe of chaos.
The plant is duplicated!
The elephant tramples you!
* * * LOW HITPOINT WARNING * * *
You hold your ground!
The elephant trunk-slaps you but does no damage.
You take 13 damage, and have 11/84 hp.
You hit the elephant with your +4 hand axe of chaos.
The elephant seems to grow stronger.
Xom thinks this is hilarious!
The elephant is lightly wounded.
You hit the plant with your +4 hand axe of chaos.
You burn the plant.
You slash the fungus with your +4 hand axe of chaos!
The fungus is poisoned.
You hit the plant with your +4 hand axe of chaos.
You burn the plant.
You hit the plant with your +4 hand axe of chaos.
You burn the plant.
You hit the plant with your +4 hand axe of chaos.
Nothing appears to happen.
You hit the elephant with the +6 flail of Invincibility.
You hit the plant with the +6 flail of Invincibility.
You sock the plant with the +6 flail of Invincibility!
Lightning courses through the plant!!
You hit the plant with the +6 flail of Invincibility.
You hit the fungus with the +6 flail of Invincibility.
You thump the plant with the +6 flail of Invincibility!
The elephant tramples you!
You die...
Xom thinks this is hilarious!

..........................######
..............$...........#
..........................#
......##......P...........# .
#....†°...........^.#
#......†P.PP........
...P.P.PP..P...P.....
...P...####.PPP..... ........+
#.@PP..... ##...P.P# #PYP......
?#..... #......... #....P
...P...... #... ..PP.......
P........... P.P.P........
......###+##..


You could see an elephant (strong, resistant).

Vanquished Creatures
  2 two-headed ogres
  Pikel (D:6)
  A komodo dragon (D:9)
  Grinder (D:4)
  A shadow (D:9)
  Eustachio (D:4)
  4 yaks
  A steam dragon (D:8)
  Duvessa (D:7)
  A water moccasin (D:8)
  2 sky beasts
  A black bear (D:9)
  2 ice beasts (D:6)
  2 orc warriors
  3 ogres
  3 centaurs (D:8)
  A phantom (D:6)
  3 kobold brigands (D:7)
  A gnoll sergeant (D:6)
  2 bullfrogs
  2 scorpions
  7 wights (D:9)
  Dowan (D:7)
  A ballistomycete (D:7)
  4 howler monkeys
  A jelly (D:6)
  3 bombardier beetles
  3 hounds (D:5)
  An orc priest (D:7)
  Crazy Yiuf (D:3)
  A gnoll bouda (D:5)
  2 iguanas
  A sleepcap (D:7)
  12 orc wizards
  Natasha (thrice) (D:3)
  A statue (D:4)
  6 adders
  3 gnolls
  2 ufetubi (D:6)
  A dart slug (D:3)
  3 ribbon worms (D:3)
  34 orcs
  4 endoplasms
  4 giant cockroaches
  7 goblins
  7 hobgoblins
  A jackal (D:2)
  3 quokkas
  7 ball pythons
  6 bats
  3 frilled lizards
  24 kobolds
  7 rats
  A ballistomycete spore (D:7)
201 creatures vanquished.

Vanquished Creatures (others)
  An angel (D:6)
  An orc priest (D:4)
  A gnoll (D:5)
  An orc zombie (D:4)
4 creatures vanquished.

Grand Total: 205 creatures vanquished

Notes
Turn   | Place    | Note
-------+----------+-------------------------------------------
     0 | D:1      | ezpacito the Coglin Chaos Knight began the quest for the
                  | Orb.
     0 | D:1      | Reached XP level 1. HP: 18/18 MP: 1/1
     3 | D:1      | Noticed an electric eel
     4 | D:1      | Noticed an electric eel
    61 | D:1      | Reached skill level 1 in Dodging
   139 | D:1      | Reached XP level 2. HP: 22/24 MP: 2/2
   363 | D:1      | XOM: noise
   480 | D:1      | Reached XP level 3. HP: 29/29 MP: 3/3
   525 | D:1      | XOM: cloud trail
   636 | D:1      | Found Tuast's Weapon Shoppe.
   774 | D:1      | XOM: summons 3 hostile shadow creatures
   848 | D:1      | XOM: give mutation
   848 | D:1      | Gained mutation: You possess an exceptional clarity of
                  | mind. [Xom's mischief]
  1021 | D:2      | XOM: silly message
  1121 | D:2      | Found Isamopn's Antique Armour Emporium.
  1357 | D:2      | XOM: give mutations
  1357 | D:2      | Gained mutation: Your muscles are strong. (Str +4, Int/Dex
                  | -1) [Xom's mischief]
  1357 | D:2      | Gained mutation: You are vulnerable to heat. (rF-) [Xom's
                  | mischief]
  1527 | D:2      | XOM: stat loss: -1 Dex (11/12)
  1651 | D:3      | Found a faded altar of an unknown god.
  1790 | D:3      | Noticed Natasha
  1796 | D:3      | Killed Natasha
  1797 | D:3      | Reached XP level 4. HP: 31/36 MP: 4/4
  1817 | D:3      | Noticed Natasha
  1829 | D:3      | Killed Natasha
  1830 | D:3      | Reached skill level 1 in Stealth
  1834 | D:3      | Noticed Natasha
  1841 | D:3      | XOM: blink monster(s)
  1845 | D:3      | Killed Natasha
  1846 | D:3      | Reached XP level 5. HP: 32/42 MP: 6/6
  1934 | D:3      | Found Guoxtaan's Armour Boutique.
  1980 | D:3      | XOM: summons 3 hostile demons
  2108 | D:3      | Found a runed translucent door.
  2109 | D:3      | Noticed Crazy Yiuf
  2456 | D:3      | Killed Crazy Yiuf
  2591 | D:4      | XOM: give mutations
  2591 | D:4      | Gained mutation: You have very sharp teeth. [Xom's
                  | mischief]
  2591 | D:4      | Lost mutation: You are vulnerable to heat. (rF-) [Xom's
                  | mischief]
  2591 | D:4      | Lost mutation: You have very sharp teeth. [Xom's mischief]
  2602 | D:4      | Noticed an ogre
  2610 | D:4      | Killed an ogre
  2611 | D:4      | Reached skill level 1 in Polearms
  2611 | D:4      | Reached skill level 1 in Spellcasting
  2611 | D:4      | Reached skill level 1 in Evocations
  2611 | D:4      | Reached XP level 6. HP: 27/48 MP: 7/7
  2627 | D:4      | Noticed an orc warrior
  2631 | D:4      | XOM: potion effect (might)
  2686 | D:4      | Killed an orc warrior
  2845 | D:4      | You fall into a shaft and drop 1 floor!
  2845 | D:5      | Entered Level 5 of the Dungeon
  2845 | D:5      | Found a staircase to the Ecumenical Temple.
  2892 | D:5      | Reached XP level 7. HP: 55/55 MP: 7/9
  2909 | Temple   | Entered the Ecumenical Temple
  2921 | D:5      | XOM: summons friendly ufetubus
  2988 | D:5      | XOM: noise
  3006 | D:5      | XOM: confuse monster(s)
  3129 | D:4      | XOM: 3-stop teleportation journey
  3169 | D:4      | XOM: potion effect (haste)
  3307 | D:4      | Noticed Eustachio
  3327 | D:4      | Killed Eustachio
  3328 | D:4      | Reached XP level 8. HP: 55/61 MP: 10/10
  3469 | D:4      | Found a radiant altar of Vehumet.
  3472 | D:4      | XOM: potion effect (might)
  3504 | D:4      | Noticed Grinder
  3507 | D:4      | Paralysed by Grinder for 5 turns
  3517 | D:4      | XOM: divination: detect items
  3524 | D:4      | XOM: god gift: +1 pair of gloves of strength
  3526 | D:4      | Killed Grinder
  3527 | D:4      | Reached skill level 5 in Fighting
  3786 | D:4      | Found a broken altar of Ashenzari.
  3790 | D:4      | Found a shadowy altar of Dithmenos.
  3793 | D:4      | Found a bloodstained altar of Trog.
  4255 | D:5      | XOM: god gift: 447 gold pieces
  4264 | D:5      | Reached skill level 5 in Axes
  4700 | D:6      | XOM: 1-stop teleportation journey
  4706 | D:6      | Found a shimmering altar of Xom.
  4706 | D:6      | Noticed an angel
  4711 | D:6      | Found a glowing silver altar of Zin.
  4716 | D:6      | XOM: chaos upgrade
  4725 | D:6      | XOM: smoke on damage
  4876 | D:6      | Reached XP level 9. HP: 67/68 MP: 12/12
  4950 | D:6      | Found Numeo's Antique Weapon Shoppe.
  4957 | D:6      | Bought a runed war axe for 195 gold pieces
  5301 | D:6      | XOM: blink monster(s)
  5305 | D:6      | Killed an angel
  5355 | D:6      | XOM: noise
  5360 | D:6      | XOM: chaos upgrade
  5516 | D:6      | Noticed Pikel
  5521 | D:6      | Killed Pikel
  5522 | D:6      | Reached skill level 5 in Armour
  5700 | D:7      | XOM: blink monster(s)
  5701 | D:7      | XOM: blink monster(s)
  5705 | D:7      | XOM: enchant monster (bad)
  5709 | D:7      | XOM: stat loss: -1 Str (23/24)
  5715 | D:7      | Noticed Duvessa
  5715 | D:7      | Noticed Dowan
  5715 | D:7      | XOM: 7-stop teleportation journey
  5993 | D:7      | Noticed a two-headed ogre
  6003 | D:7      | Killed a two-headed ogre
  6004 | D:7      | Reached skill level 5 in Dodging
  6004 | D:7      | Reached XP level 10. HP: 38/77 MP: 14/14
  6289 | D:7      | XOM: 3-stop teleportation journey
  6338 | D:7      | XOM: give mutations
  6338 | D:7      | Gained mutation: Your mind is acute. (Int +4, Str/Dex -1)
                  | [Xom's mischief]
  6338 | D:7      | Lost mutation: You possess an exceptional clarity of mind.
                  | [Xom's mischief]
  6338 | D:7      | Gained mutation: Your movements are slightly less
                  | encumbered by armour. (ER -2) [Xom's mischief]
  6430 | D:7      | Killed Duvessa
  6433 | D:7      | Killed Dowan
  6592 | D:7      | Learned a level 2 spell: Blink
  6598 | D:7      | Learned a level 5 spell: Yara's Violent Unravelling
  6606 | D:7      | Learned a level 7 spell: Enfeeble
  6694 | D:8      | Identified the +6 flail of Invincibility {elec, rElec rC+}
  6727 | D:8      | Reached skill level 5 in Evocations
  6954 | D:8      | XOM: silly message
  7038 | D:8      | XOM: give mutations
  7038 | D:8      | Gained mutation: You possess an exceptional clarity of
                  | mind. [Xom's mischief]
  7038 | D:8      | Gained mutation: You are vulnerable to heat. (rF-) [Xom's
                  | mischief]
  7038 | D:8      | Lost mutation: Your movements are slightly less encumbered
                  | by armour. (ER -2) [Xom's mischief]
  7038 | D:8      | Lost mutation: Your mind is acute. (Int +4, Str/Dex -1)
                  | [Xom's mischief]
  7202 | D:8      | XOM: summons 6 hostile demons
  7389 | D:8      | Identified the +0 robe "Uleteb" {rC+ Will+ Regen+}
  7582 | D:8      | XOM: 1-stop teleportation journey
  8180 | D:2      | Bought a warped robe for 102 gold pieces
  8180 | D:2      | Identified the +0 robe "Ycoeh" {rElec} (You bought it in a
                  | shop on level 2 of the Dungeon)
  8180 | D:2      | Bought a pair of boots for 81 gold pieces
  8225 | D:1      | Bought a +5 broad axe of freezing for 376 gold pieces
  8404 | D:9      | Reached skill level 1 in Alchemy
  8407 | D:9      | XOM: smoke on damage
  8416 | D:9      | XOM: repel stairs
  8459 | D:9      | Noticed a two-headed ogre
  8464 | D:9      | XOM: butterfly on damage
  8469 | D:9      | Killed a two-headed ogre
  8470 | D:9      | Reached skill level 1 in Maces & Flails
  8470 | D:9      | Reached skill level 1 in Necromancy
  8470 | D:9      | Reached skill level 1 in Translocations
  8525 | D:9      | XOM: polymorph black bear -> howler monkey
  8527 | D:9      | XOM: smoke on damage
  8528 | D:9      | XOM: cleaving
  8533 | D:9      | Reached XP level 11. HP: 8/84 MP: 16/16
  8549 | D:9      | Slain by an elephant

Illustrated notes

Levels and vault maps discovered:
D:1:      arrival_aquarium_b, layout_loops_corners, serial_shops, shop,
          minmay_misc_feat_doors, minmay_pentomino_u2
D:2:      layout_basic, serial_shops, nicolae_shop_dealshenge,
          serial_bayou_lagoon_a, minivault_25, serial_bayou_ford_a,
          small_statue_intersection, lightli_corner_chamber
D:3:      layout_basic, serial_shops, shop,
          shapermc_ecumenical_altar_starsandcircs, minmay_misc_feat_hallway,
          uniq_natasha, uniq_crazy_yiuf_cottage
D:4:      layout_basic, vehumet_statue, grunt_temple_overflow_diamond,
          dk_noncrumbling_2, minmay_surrounded, uniq_eustachio, uniq_grinder
D:5:      layout_basic, minmay_temple_entry_ruins
D:6:      layout_basic, grunt_temple_overflow_order_and_chaos_1, serial_shops,
          nicolae_shop_just_a_little_nook, minmay_small_thing, uniq_pikel
D:7:      layout_loops_ring, uniq_duvessa
D:8:      nicolae_cairo_tiling_very_big, layout_basic
D:9:      layout_gridville, grunt_lair_entry_orc_guard_hut, serial_shops, shop
Temple:   hc_temple_tempest_star

Skill      XL: |  1  2  3  4  5  6  7  8  9 10 |
---------------+-------------------------------+-----
Dodging        | 1 2 3 4 5 |  5.8
Armour         | 2 3 4 5 6 |  6.2
Stealth        | 1 2 3 4 |  4.1
Fighting       | 4 5 6 7 |  7.2
Polearms       | 1 2 3 4 |  4.1
Spellcasting   | 1 2 3 |  3.7
Evocations     | 1 2 3 4 5 |  5.5
Axes           | 4 5 6 7 |  7.0
Alchemy        | 1 |  1.7
Maces & Flails | 1 |  1.4
Necromancy     | 1 |  1.4
Translocations | 1 |  1.4

Action                     |  1- 3 |  4- 6 |  7- 9 | 10-12 || total
---------------------------+-------+-------+-------+-------++-------
  Melee: Hand axe          |    89 |    69 |   200 |   119 ||   477
         Dagger            |    60 |       |       |       ||    60
         Short sword       |    21 |    67 |   120 |       ||   208
         Trident           |       |       |    53 |       ||    53
         Spear             |       |       |    49 |    68 ||   117
         Flail             |       |       |       |    68 ||    68
    Use: Scroll            |     1 |     1 |    13 |     2 ||    17
         Potion            |       |     5 |     4 |     4 ||    13
   Stab: Petrified         |     2 |       |       |       ||     2
         Confused          |       |     3 |     1 |     2 ||     6
         Paralysed         |       |     2 |       |       ||     2
         Sleeping          |       |     1 |       |       ||     1
         Held in net/web   |       |       |     1 |       ||     1
 Armour: Leather armour    |    62 |    35 |    63 |       ||   160
         Chain mail        |       |       |    88 |    89 ||   177
         Robe              |       |       |       |    37 ||    37
         Skin              |       |       |       |     4 ||     4
  Dodge: Dodged            |    48 |    24 |   113 |    84 ||   269

Table legend: (Time is in decaauts)
 A = Elapsed time spent in this place.
 B = Non-inter-level travel time spent in this place.
 C = Inter-level travel time spent in this place.
 D = Time resting spent in this place.
 E = Time spent auto-exploring this place.
 F = Levels seen in this place.
 G = Mean time per level.
                   A        B        C        D        E       F      G
               +--------+--------+--------+--------+--------+-----+--------+
         Total |   8534 |   7864 |    670 |    126 |   6232 |  10 |  853.4 |
       Dungeon |   8530 |   7862 |    668 |    126 |   6232 |   9 |  947.8 |
        Temple |      4 |      2 |      2 |      0 |      0 |   1 |    4.0 |
               +--------+--------+--------+--------+--------+-----+--------+

Top non-repeatable levels by time:
     D:8: 1426 daAuts
     D:3: 1126 daAuts
     D:5: 1070 daAuts
     D:7: 1062 daAuts
     D:6: 1031 daAuts
     D:4: 968 daAuts
     D:1: 945 daAuts
     D:2: 749 daAuts
     D:9: 151 daAuts
  Temple: 4 daAuts
